 Dungeon Crawl Stone Soup version 0.27.1-35-g4d5d836560 (console) character file.

Game seed: 4155921980562903969

121 grimtooth the Skirmisher (level 4, -6/37 HPs)
             Began as a Demonspawn Abyssal Knight on June 5, 2022.
             Was a Believer of Lugonu.
             Mangled by an ogre (22 damage)
             ... on level 3 of the Dungeon.
             The game lasted 00:11:05 (3774 turns).

grimtooth the Skirmisher (DsAK)                     Turns: 3774, Time: 00:11:07

Health: -6/37      AC:  3    Str: 13    XL:     4   Next: 77%
Magic:  4/5        EV:  8    Int: 14    God:    Lugonu [**....]
Gold:   83         SH:  8    Dex: 12    Spells: 2/3 levels left

rFire    . . .     SeeInvis .   a - +1 mace
rCold    . . .     Faith    .   (no shield)
rNeg     . . .     Spirit   .   i - +0 leather armour
rPois    .         Reflect  .   (no helmet)
rElec    .         Harm     .   (no cloak)
rCorr    .         Rampage  .   (no gloves)
Will     .....                  (no boots)
Stlth    +.........             (no amulet)
HPRegen  0.12/turn              (no ring)
MPRegen  0.09/turn              (no ring)

@: constricted
A: large bone plates 1, condensation shield
a: Renounce Religion, Depart the Abyss, Bend Space


You were on level 3 of the Dungeon.
You worshipped Lugonu.
Lugonu was pleased with you.
You visited 1 branch of the dungeon, and saw 3 of its levels.
You visited the Abyss 1 time.

You collected 83 gold pieces.

Inventory:

Hand Weapons
 a - a +1 mace (weapon)
 b - a +0 hunting sling
Missiles
 c - 41 stones (quivered)
Armour
 g - a +0 buckler
 i - a +0 leather armour (worn)
Scrolls
 d - a scroll of teleportation {unknown}
 f - a scroll of amnesia {unknown}
 j - 2 scrolls of identify {unknown}
 m - a scroll of blinking {unknown}
Potions
 e - 2 potions of curing {unknown}
 h - a potion of invisibility {unknown}
 k - a potion of degeneration {unknown}
 l - a potion of attraction {unknown}


   Skills:
 + Level 4.0 Fighting
 * Level 3.9 Maces & Flails
 - Level 1.7 Armour
 - Level 0.8 Dodging
 - Level 2.4 Invocations


You had 2 spell levels left.
You knew the following spells:

 Your Spells              Type           Power      Damage    Failure   Level
a - Sandblast             Erth           0%         2d4       36%         1

Your spell library contained the following spells:

 Spells                   Type           Power      Damage    Failure   Level
 Passwall                 Tmut/Erth      0%         N/A       50%         2
 Lee's Rapid Deconstruct  Erth           0%         3d5*      100%        5
 Conjure Ball Lightning   Conj/Air       0%         3x3d6     100%        6
 Discord                  Hex            0%         N/A       100%        8
 Disjunction              Tloc           0%         N/A       100%        8


Dungeon Overview and Level Annotations

Branches:
Dungeon (3/15)

Altars:


Innate Abilities, Weirdness & Mutations

You are partially covered in large bone plates. (SH +4)
A meltable shield of frost defends you. (SH +4)


Message History

Confirm with . or Enter, or press ? or * to list all spells.
Aiming: Sandblast (safe; 36% risk of failure)
Press: ? - help, Shift-Dir - straight line, f/p - ogre
Aim: an ogre, wielding a +0 giant club (89% to hit)
The blast of sand hits the ogre.
The ogre is lightly wounded.
c - 41 stones You hit the ogre.
The ogre is moderately wounded.
The ogre hits you but does no damage.
You barely miss the ogre.
The ogre is moderately wounded.
The ogre hits you with a +0 giant club!!
Space bends around you!
You blink.
You see here a stone.
Space bends around you!
You blink.
Found 13 gold pieces.
Found a stone staircase leading down.
There is a stone staircase leading down here.
Found 18 stones.
A ball python comes into view.
The ball python hisses angrily.
You block the ball python's attack. The ball python closely misses you.
You closely miss the ball python. You block the ball python's attack.
The ball python grabs you. The ball python constricts you.
You closely miss the ball python. The ball python bites you.
The ball python constricts you. The ogre closely misses you.
You hit the ball python.
The ball python is heavily wounded.
The ball python bites you. The ball python constricts you.
The ball python bites you but does no damage.
The ball python constricts you. The ogre barely misses you.
You closely miss the ball python.
The ball python is heavily wounded.
The ball python bites you but does no damage.
The ball python constricts you.
The ogre hits you with a +0 giant club!!
Ouch! That really hurt!
You die...

#.# #.# #.# #O# #.#
#####.#############.#
#.........O..........
....######.####.####..
## #.# #.# #.# #O# #.#
#@# #.# #S# #.# #.#
#.# #(# ... ..# ..#
#...


You could see an ogre and a ball python.

Vanquished Creatures
  4 gnolls (D:2)
  2 adders (D:2)
  A worm (D:2)
  2 dart slugs (D:1)
  4 bats
  10 endoplasms
  A giant cockroach (D:1)
  3 goblins
  4 hobgoblins
  2 jackals (D:1)
  5 kobolds
  3 quokkas (D:2)
  3 ball pythons
  4 frilled lizards
  12 rats
60 creatures vanquished.

Vanquished Creatures (others)
  2 bushes (D:1)
2 creatures vanquished.

Grand Total: 62 creatures vanquished

Notes
Turn   | Place    | Note
-------+----------+-------------------------------------------
     0 | Abyss:1  | grimtooth the Demonspawn Abyssal Knight began the quest for
                  | the Orb.
     0 | Abyss:1  | Reached XP level 1. HP: 18/18 MP: 2/2
    21 | D:1      | Escaped the Abyss
   273 | D:1      | Gained mutation: You are partially covered in large bone
                  | plates. (SH +4) [demonic ancestry]
   273 | D:1      | Reached XP level 2. HP: 19/24 MP: 3/3
   493 | D:1      | Reached ** piety under Lugonu
  1324 | D:1      | Reached XP level 3. HP: 29/29 MP: 4/4
  1347 | D:1      | Learned a level 1 spell: Sandblast
  2810 | D:2      | Gained mutation: A meltable shield of frost defends you.
                  | (SH +4) [demonic ancestry]
  2810 | D:2      | Reached XP level 4. HP: 23/37 MP: 5/5
  3428 | D:2      | Reached skill level 4 in Fighting
  3730 | D:3      | Noticed an ogre
  3774 | D:3      | Mangled by an ogre

Illustrated notes

Levels and vault maps discovered:
D:1:      onia_arrival_handbag, layout_basic, hex_intersection,
          minmay_door_square, minmay_hedge_maze
D:2:      layout_loops_ring
D:3:      layout_loops_ring, marbit_many_paths, ebering_ghost_sewer_d

Skill      XL: |  1  2  3  4 |
---------------+-------------+-----
Maces & Flails | 2 3 |  3.9
Fighting       | 4 |  4.0
Armour         | |  1.7
Dodging        | |  0.8
Invocations    | |  2.4

Action                   |  1- 3 |  4- 6 || total
-------------------------+-------+-------++-------
Melee: Mace              |   114 |    32 ||   146
 Fire: Hunting sling     |    14 |    35 ||    49
Throw: Stone             |    53 |     1 ||    54
 Cast: Sandblast         |     3 |     2 ||     5
Invok: Bend Space        |       |     2 ||     2
 Stab: Sleeping          |     1 |     1 ||     2
Armor: Leather armour    |    37 |     7 ||    44
Dodge: Dodged            |    66 |    15 ||    81
Block: Other             |    20 |    14 ||    34
